 Dungeon Sprint DCSS version 0.22-a0-388-g09e6169 (webtiles) character file.

35506 emperorscorpion the Thaumaturge (level 13, 75/111 HPs)
             Began as a Gnoll Wizard on Apr 29, 2018.
             Was the Champion of Sif Muna.
             Quit the game in the Dungeon (Sprint IX: "|||||||||||||||||||||||||||||").
             The game lasted 00:27:21 (3642 turns).

emperorscorpion the Thaumaturge (Gnoll Wizard)      Turns: 3642, Time: 00:27:22

Health: 75/111     AC: 19    Str: 17    XL:     13   Next: 84%
Magic:  4/31       EV: 23    Int: 25    God:    Sif Muna [******]
Gold:   776        SH:  0    Dex: 16    Spells: 19/41 levels left

rFire    . . .     SeeInvis .   X - +0 arbalest
rCold    . . .     Gourm    .   (shield currently unavailable)
rNeg     . . .     Faith    .   z - +0 swamp dragon scales
rPois    +         Spirit   .   p - +0 helmet
rElec    .         Reflect  .   q - +0 cloak
rCorr    .         Harm     .   T - +1 pair of gloves
MR       .....     NoTele   +   y - +1 pair of boots of Laolobo {Str+6}
Stlth    +++.......             (no amulet)
HPRegen  0.28/turn              r - +3 ring of intelligence
MPRegen  0.22/turn              s - +2 ring of evasion

@: quite poisoned (75 -> 37), very slow
A: distributed training, fangs 1, strong nose
a: Divine Energy, Channel Magic, Forget Spell, Renounce Religion


You were in the Dungeon.
You worshipped Sif Muna.
Sif Muna was exalted by your worship.
You were not hungry.

You visited 1 branch You collected 1907 gold pieces.
You spent 1131 gold pieces at shops.

Inventory:

Hand Weapons
 a - a +2 halberd of venom
 e - a +2 dagger of electrocution
 n - a +2 rapier of venom
 u - a +2 scimitar of electrocution
 D - a +3 hunting sling of freezing
 P - a +0 blowgun
 X - a +0 arbalest (weapon)
Missiles
 A - 24 stones
 C - 12 sling bullets
 F - 20 bolts (quivered)
 G - 5 tomahawks
 L - 13 poisoned needles
 M - 2 needles of sleeping
 N - 9 curare-tipped needles
 W - 37 arrows
 Y - 3 throwing nets
Armour
 m - a +0 hat
 o - a +0 robe
 p - a +0 helmet (worn)
 q - a +0 cloak (worn)
 v - a +0 troll leather armour
 y - the +1 pair of boots of Laolobo (worn) {Str+6}
   (You found it in the Dungeon)

   It affects your strength (+6).
 z - +0 swamp dragon scales (worn)
 J - a +0 buckler
 K - the cursed +0 scale mail of the Moon Troll {rN+ Str+4 Int+4}
   (You bought it in a shop in the Dungeon)

   It affects your strength (+4).
   It affects your intelligence (+4).
   It protects you from negative energy.
   It has a curse placed upon it.
 T - a +1 pair of gloves (worn)
Magical Staves
 b - an uncursed staff of energy
 x - an uncursed staff of summoning
Jewellery
 r - a +3 ring of intelligence (left hand)
 s - a +2 ring of evasion (right hand)
 Q - an uncursed ring of protection from magic
 R - an uncursed ring of protection from magic
 S - an uncursed ring of fire
Wands
 l - a wand of acid (9)
Scrolls
 i - 6 scrolls of remove curse
 j - 4 scrolls of blinking
 k - 5 scrolls of amnesia
 t - 10 scrolls of enchant armour
 H - 2 scrolls of fog
 I - a scroll of identify
 U - 2 scrolls of enchant weapon
 V - a scroll of fear
Potions
 c - a potion of invisibility
 f - 6 potions of heal wounds
 g - 2 potions of haste
 h - 3 potions of magic
 w - 4 potions of agility
 E - 10 potions of curing
 O - 3 potions of brilliance
Comestibles
 d - 12 rations


   Skills:
 + Level 13.3 Fighting
 + Level 13.3 Short Blades
 + Level 13.3 Long Blades
 + Level 13.3 Axes
 + Level 13.3 Maces & Flails
 + Level 13.3 Polearms
 + Level 13.3 Staves
 + Level 13.3 Slings
 + Level 13.3 Bows
 + Level 13.3 Crossbows
 + Level 13.3 Throwing
 + Level 13.3 Armour
 + Level 13.9 Dodging
 + Level 13.8 Stealth
 + Level 13.3 Shields
 + Level 13.3 Unarmed Combat
 + Level 14.7 Spellcasting
 + Level 11.6 Conjurations
 + Level 11.4 Hexes
 + Level 11.4 Charms
 + Level 11.6 Summonings
 + Level 11.4 Necromancy
 + Level 11.6 Translocations
 + Level 11.4 Transmutations
 + Level 11.4 Fire Magic
 + Level 11.4 Ice Magic
 + Level 11.4 Air Magic
 + Level 11.4 Earth Magic
 + Level 11.4 Poison Magic
 + Level 14.3 Invocations
 + Level 13.3 Evocations


You had 19 spell levels left.
You knew the following spells:

 Your Spells              Type           Power        Failure   Level  Hunger
a - Magic Dart            Conj           ####         1%          1    None
b - Blink                 Tloc           N/A          1%          2    None
c - Conjure Flame         Conj/Fire      ######..     1%          3    None
d - Mephitic Cloud        Conj/Pois/Air  ######..     1%          3    None
e - Stone Arrow           Conj/Erth      ######       1%          3    None
f - Bolt of Draining      Conj/Necr      ######....   1%          5    ##.....
g - Lightning Bolt        Conj/Air       ######....   1%          5    ##.....


Dungeon Overview and Level Annotations

Branches:
Dungeon (1/1)

Altars:
Cheibriados
Dithmenos
Elyvilon
Fedhas
Gozag
Hepliaklqana
Kikubaaqudgha
Makhleb
Nemelex Xobeh
Okawaru
Qazlal
Ru
Sif Muna
Trog
Uskayaw
Vehumet
Wu Jian
Xom
Yredelemnul
Zin
The Shining One
Beogh
Jiyva
Lugonu

Shops:
D %*[


Innate Abilities, Weirdness & Mutations

Your experience applies equally to all skills.
You have very sharp teeth.
Your uncanny sense of smell can sniff out nearby items.


Message History

A merfolk comes into view. It is wielding a trident of flaming.
Unknown command.
Casting: Bolt of Draining (safe; 1% risk of failure)
Confirm with . or Enter, or press ? or * to list all spells.
Aiming: Bolt of Draining (safe; 1% risk of failure)
Press: ? - help, Shift-Dir - straight line, f/p - sea snake
Aim: a sea snake (heavily wounded, lightly drained)
The bolt of negative energy misses the sea snake.
The bolt of negative energy hits the merfolk impaler.
The merfolk impaler is drained!
The merfolk impaler is heavily wounded.
The sea snake bites you!
You are poisoned.
The sea snake poisons you!
Casting: Bolt of Draining (safe; 1% risk of failure)
Confirm with . or Enter, or press ? or * to list all spells.
You don't have enough magic to cast that spell.
Unknown command.
Autopickup is now off.
Are you sure you want to abandon this character and quit the game? (Confirm with "yes".)

'▓.▓)▓.▓.▓.▓.▓.▓.▓,*,*,*,*,*,*,*,
.▓.▓.▓.▓)▓.▓.▓.▓m▓,*,*,*,*,*,*,*,
.▓.▓.▓.▓)▓.▓.▓.▓m▓,*,*,*,*,*+*,*,
[▓.▓.▓.▓∩▓.▓.▓.▓m▓,*,*,*,*,*,*,*,
.▓.▓.▓.▓.▓.▓.▓.▓m▓,*,*,*,*,*,*,*,
.▓.▓.▓.▓∩▓.▓.▓.▓)▓,*,*,*,*,*,*,*,
)▓.▓.▓.▓)▓.▓.▓.▓§▓,*,*,*,*,*,*,*,
.▓.▓.▓.▓.▓.▓)▓.♣S♣,*,*,*,*,*,*,*,
.▓.▓.▓.▓.▓.▓)▓.♣@♣,*,*,*,*,*,*,*,
.▓.▓.▓.▓)▓.▓'▓.♣≈♣,*,*,*,*,*,*,*,
'▓.▓'▓.▓)▓.▓(▓.♣)♣,*,*,*,*,*,*,*,
_▓.▓.▓.▓)▓.▓(▓.♣.♣,*,*,*,*,*,*,*,
_▓.▓.▓.▓.▓.▓.▓)♣.♣,*,*,*,*,*,*,*,
_▓.▓.▓.▓.▓.▓.▓.♣.♣,*,*,*,*,*,*,*,
_▓.▓.▓.▓.▓.▓.▓.♣÷♣,*,*,*,*,*,*,*,
_▓.▓.▓.▓.▓.▓.▓.♣.♣,*+*,*,*,*,*,*+
_▓.▓.▓.▓.▓.▓.▓.♣'♣,*,*,*,*,*+*,*,


You could see a merfolk impaler, a sea snake, 2 merfolk and a merfolk siren.

Vanquished Creatures
  A tentacled monstrosity (D)
  A frost giant (D)
  A very ugly thing (D)
  2 stone giants (D)
  An ettin (D)
  A fire dragon (D)
  An ogre mage (D)
  Harold (D)
  A great orb of eyes (D)
  A hydra (D)
  A naga warrior (D)
  A centaur warrior (D)
  2 merfolk aquamancers (D)
  An alligator (D)
  Sonja (D)
  A naga sharpshooter (D)
  An unseen horror (D)
  A spriggan druid (D)
  15 orc knights (D)
  An orb spider (D)
  An ugly thing (D)
  A wolf spider (D)
  A manticore (D)
  A guardian serpent (D)
  A naga mage (D)
  8 elephants (D)
  5 black mambas (D)
  Joseph (D)
  A gargoyle (D)
  2 spiny frogs (D)
  A rime drake (D)
  A yaktaur (D)
  An efreet (D)
  A komodo dragon (D)
  2 demonic crawlers (D)
  3 trolls (D)
  A polar bear (shapeshifter) (D)
  A slime creature (D)
  A tyrant leech (D)
  A blink frog (D)
  4 hippogriffs (D)
  4 tarantellas (D)
  A redback (D)
  A yak (D)
  A basilisk (D)
  A steam dragon (D)
  A vampire mosquito (D)
  3 water moccasins (D)
  2 porcupines (D)
  A sky beast (D)
  A phantom (D)
  10 orc warriors (D)
  A black bear (D)
  4 crocodiles (D)
  2 bullfrogs (D)
  5 orc priests (D)
  2 orc wizards (D)
  A jelly (D)
  6 orcs (D)
  A bat skeleton (D)
  A giant cockroach (D)
  2 goblins (D)
  2 hobgoblins (D)
  A quokka (D)
  A kobold (D)
  A leopard gecko zombie (D)
131 creatures vanquished.

Vanquished Creatures (others)
  A hydra (D)
  A spatial maelstrom (D)
  A swamp drake (D)
3 creatures vanquished.

Grand Total: 134 creatures vanquished

Notes
Turn   | Place    | Note
-------+----------+-------------------------------------------
     0 | D        | emperorscorpion the Gnoll Wizard began the quest for the Orb.
     0 | D        | Reached XP level 1. HP: 13/13 MP: 8/8
     9 | D        | Banished a spatial maelstrom
    24 | D        | Reached skill level 1 in Invocations
   135 | D        | Noticed a sky beast
   135 | D        | Noticed a phantom
   138 | D        | Reached skill level 1 in Fighting
   138 | D        | Reached skill level 1 in Short Blades
   138 | D        | Reached skill level 1 in Long Blades
   138 | D        | Reached skill level 1 in Axes
   138 | D        | Reached skill level 1 in Maces & Flails
   138 | D        | Reached skill level 1 in Polearms
   138 | D        | Reached skill level 1 in Staves
   138 | D        | Reached skill level 1 in Slings
   138 | D        | Reached skill level 1 in Bows
   138 | D        | Reached skill level 1 in Crossbows
   138 | D        | Reached skill level 1 in Throwing
   138 | D        | Reached skill level 1 in Armour
   138 | D        | Reached skill level 1 in Shields
   138 | D        | Reached skill level 1 in Unarmed Combat
   138 | D        | Reached skill level 1 in Evocations
   138 | D        | Reached XP level 2. HP: 20/21 MP: 6/10
   159 | D        | Killed a sky beast
   159 | D        | Reached skill level 5 in Dodging
   159 | D        | Reached skill level 5 in Stealth
   159 | D        | Reached XP level 3. HP: 22/28 MP: 0/12
   159 | D        | Reached XP level 4. HP: 27/34 MP: 0/13
   196 | D        | HP: 1/34 [phantom (6)]
   197 | D        | Killed a phantom
   197 | D        | Reached XP level 5. HP: 2/42 MP: 8/15
   210 | D        | Found a roughly hewn altar of Beogh.
   210 | D        | Found a snail-covered altar of Cheibriados.
   210 | D        | Found a shadowy altar of Dithmenos.
   210 | D        | Found a white marble altar of Elyvilon.
   210 | D        | Found a blossoming altar of Fedhas.
   210 | D        | Found an opulent altar of Gozag.
   211 | D        | Found a hazy altar of Hepliaklqana.
   212 | D        | Found a viscous altar of Jiyva.
   213 | D        | Found an ancient bone altar of Kikubaaqudgha.
   214 | D        | Found a corrupted altar of Lugonu.
   215 | D        | Found a burning altar of Makhleb.
   216 | D        | Found a sparkling altar of Nemelex Xobeh.
   217 | D        | Found an iron altar of Okawaru.
   218 | D        | Found a stormy altar of Qazlal.
   219 | D        | Found a sacrificial altar of Ru.
   220 | D        | Found a deep blue altar of Sif Muna.
   221 | D        | Found a bloodstained altar of Trog.
   222 | D        | Found a hide-covered altar of Uskayaw.
   223 | D        | Found a radiant altar of Vehumet.
   224 | D        | Found an ornate altar of the Wu Jian Council.
   225 | D        | Found a shimmering altar of Xom.
   226 | D        | Found a basalt altar of Yredelemnul.
   227 | D        | Found a glowing silver altar of Zin.
   228 | D        | Became a worshipper of Sif Muna the Loreminder
   229 | D        | Found a glowing golden altar of the Shining One.
   263 | D        | Learned a level 2 spell: Blink
   267 | D        | Learned a level 3 spell: Conjure Flame
   271 | D        | Learned a level 3 spell: Mephitic Cloud
   482 | D        | Noticed a hippogriff
   482 | D        | Noticed a steam dragon
   482 | D        | Noticed a troll
   482 | D        | Noticed a hippogriff
   482 | D        | Noticed a black bear
   486 | D        | Killed a black bear
   486 | D        | Reached * piety under Sif Muna
   486 | D        | Reached XP level 6. HP: 47/49 MP: 9/17
   488 | D        | Killed a hippogriff
   488 | D        | Reached skill level 5 in Fighting
   488 | D        | Reached skill level 5 in Short Blades
   488 | D        | Reached skill level 5 in Long Blades
   488 | D        | Reached skill level 5 in Axes
   488 | D        | Reached skill level 5 in Maces & Flails
   488 | D        | Reached skill level 5 in Polearms
   488 | D        | Reached skill level 5 in Staves
   488 | D        | Reached skill level 5 in Slings
   488 | D        | Reached skill level 5 in Bows
   488 | D        | Reached skill level 5 in Crossbows
   488 | D        | Reached skill level 5 in Throwing
   488 | D        | Reached skill level 5 in Armour
   488 | D        | Reached skill level 5 in Shields
   488 | D        | Reached skill level 5 in Unarmed Combat
   488 | D        | Reached skill level 5 in Invocations
   488 | D        | Reached skill level 5 in Evocations
   488 | D        | Reached XP level 7. HP: 46/56 MP: 11/19
   493 | D        | Killed a steam dragon
   494 | D        | Killed a troll
   494 | D        | Reached ** piety under Sif Muna
   494 | D        | Reached skill level 5 in Conjurations
   494 | D        | Reached skill level 5 in Summonings
   494 | D        | Reached skill level 5 in Translocations
   501 | D        | Killed a hippogriff
   501 | D        | Reached skill level 5 in Hexes
   501 | D        | Reached skill level 5 in Charms
   501 | D        | Reached skill level 5 in Necromancy
   501 | D        | Reached skill level 5 in Transmutations
   501 | D        | Reached skill level 5 in Fire Magic
   501 | D        | Reached skill level 5 in Ice Magic
   501 | D        | Reached skill level 5 in Air Magic
   501 | D        | Reached skill level 5 in Earth Magic
   501 | D        | Reached skill level 5 in Poison Magic
   501 | D        | Reached XP level 8. HP: 56/64 MP: 7/21
   537 | D        | Noticed a troll
   537 | D        | Noticed a hippogriff
   537 | D        | Noticed a yak
   537 | D        | Noticed a gargoyle
   553 | D        | Killed a gargoyle
   553 | D        | Reached *** piety under Sif Muna
   558 | D        | Killed a yak
   558 | D        | Killed an unseen horror
   558 | D        | Reached skill level 10 in Spellcasting
   558 | D        | Reached XP level 9. HP: 47/72 MP: 5/23
   561 | D        | Reached **** piety under Sif Muna
   561 | D        | Killed a troll
   785 | D        | Got the +1 pair of boots of Laolobo {Str+6}
   801 | D        | Noticed a rime drake
   801 | D        | Noticed a komodo dragon
   805 | D        | Killed a komodo dragon
   816 | D        | Reached ***** piety under Sif Muna
   822 | D        | Killed a rime drake
   822 | D        | Identified Sif Muna's Tome of Destructive Shape Shifting (Sif Muna gifted it to you in the Dungeon)
   822 | D        | Received a gift from Sif Muna
   842 | D        | Learned a level 3 spell: Stone Arrow
   864 | D        | Noticed a spiny frog
   873 | D        | Noticed a six-headed hydra
   879 | D        | Reached XP level 10. HP: 80/80 MP: 20/24
   884 | D        | Killed a six-headed hydra
   890 | D        | Killed a spiny frog
   907 | D        | Reached skill level 10 in Dodging
   943 | D        | Noticed an elephant
   943 | D        | Noticed an elephant
   943 | D        | Noticed an elephant
   943 | D        | Noticed an elephant
   943 | D        | Noticed an elephant
   943 | D        | Noticed an elephant
   983 | D        | Killed an elephant
   990 | D        | Killed an elephant
   990 | D        | Identified Sif Muna's Incunabulum of Evil and Air (Sif Muna gifted it to you in the Dungeon)
   990 | D        | Received a gift from Sif Muna
   990 | D        | Reached skill level 10 in Stealth
  1004 | D        | Killed an elephant
  1004 | D        | Reached skill level 10 in Invocations
  1014 | D        | Killed an elephant
  1067 | D        | Killed an elephant
  1077 | D        | Killed an elephant
  1077 | D        | Reached XP level 11. HP: 87/89 MP: 11/26
  1175 | D        | Noticed Joseph
  1198 | D        | Killed Joseph
  1274 | D        | Noticed an orc knight
  1305 | D        | Killed an orc knight
  1307 | D        | Noticed an ettin
  1312 | D        | Identified Sif Muna's Incunabulum of Stolen Souls and Transformation (Sif Muna gifted it to you in the Dungeon)
  1312 | D        | Received a gift from Sif Muna
  1315 | D        | Noticed an orc knight
  1323 | D        | Killed an ettin
  1323 | D        | Reached skill level 10 in Fighting
  1323 | D        | Reached skill level 10 in Short Blades
  1323 | D        | Reached skill level 10 in Long Blades
  1323 | D        | Reached skill level 10 in Axes
  1323 | D        | Reached skill level 10 in Maces & Flails
  1323 | D        | Reached skill level 10 in Polearms
  1323 | D        | Reached skill level 10 in Staves
  1323 | D        | Reached skill level 10 in Slings
  1323 | D        | Reached skill level 10 in Bows
  1323 | D        | Reached skill level 10 in Crossbows
  1323 | D        | Reached skill level 10 in Throwing
  1323 | D        | Reached skill level 10 in Armour
  1323 | D        | Reached skill level 10 in Shields
  1323 | D        | Reached skill level 10 in Unarmed Combat
  1323 | D        | Reached skill level 10 in Evocations
  1331 | D        | Killed an orc knight
  1346 | D        | Learned a level 5 spell: Bolt of Draining
  1358 | D        | Noticed an orc knight
  1374 | D        | Killed an orc knight
  1428 | D        | Noticed an orc knight
  1428 | D        | Noticed an orc knight
  1428 | D        | Noticed an orc knight
  1441 | D        | Killed an orc knight
  1445 | D        | Killed an orc knight
  1447 | D        | Killed an orc knight
  1449 | D        | Identified Sif Muna's Collected Works on the Compass and the Frostbite (Sif Muna gifted it to you in the Dungeon)
  1449 | D        | Received a gift from Sif Muna
  1529 | D        | Found Goturel's Armour Boutique.
  1529 | D        | Noticed an orc knight
  1529 | D        | Noticed an orc knight
  1529 | D        | Noticed an orc knight
  1529 | D        | Noticed an orc knight
  1529 | D        | Noticed an orc knight
  1531 | D        | Noticed an orc knight
  1533 | D        | Killed an orc knight
  1541 | D        | Killed an orc knight
  1543 | D        | Noticed an orc knight
  1545 | D        | Killed an orc knight
  1547 | D        | Noticed an orc knight
  1547 | D        | Killed an orc knight
  1556 | D        | Killed an orc knight
  1556 | D        | Reached XP level 12. HP: 99/99 MP: 12/28
  1566 | D        | Found Weocwi's General Store.
  1566 | D        | Found Picuckeo's Magic Scroll Boutique.
  1635 | D        | Found Parriobi's Food Shop.
  1661 | D        | Bought a scroll of fog for 26 gold pieces
  1661 | D        | Bought a scroll of magic mapping for 45 gold pieces
  1661 | D        | Bought a scroll of fog for 26 gold pieces
  1676 | D        | Bought a scroll of remove curse for 39 gold pieces
  1676 | D        | Bought 3 scrolls of amnesia for 136 gold pieces
  1676 | D        | Bought a scroll of remove curse for 39 gold pieces
  1676 | D        | Bought a scroll of identify for 26 gold pieces
  1680 | D        | Bought a +0 buckler for 54 gold pieces
  1680 | D        | Bought the cursed +0 scale mail of the Moon Troll {rN+ Str+4 Int+4} for 348 gold pieces
  1682 | D        | Bought 13 poisoned needles for 72 gold pieces
  1682 | D        | Bought a scroll of remove curse for 42 gold pieces
  1682 | D        | Bought a ration for 70 gold pieces
  1682 | D        | Bought a potion of curing for 42 gold pieces
  1682 | D        | Bought 2 potions of curing for 84 gold pieces
  1682 | D        | Bought 2 needles of sleeping for 14 gold pieces
  1682 | D        | Bought a potion of agility for 56 gold pieces
  1682 | D        | Bought 9 stones for 12 gold pieces
  1702 | D        | Noticed Sonja
  1709 | D        | Killed Sonja
  1709 | D        | Identified Sif Muna's Grimoire of Sulphur (Sif Muna gifted it to you in the Dungeon)
  1709 | D        | Received a gift from Sif Muna
  1849 | D        | Noticed a fire dragon
  1864 | D        | Noticed a centaur warrior
  1868 | D        | Noticed a great orb of eyes
  1869 | D        | Killed a fire dragon
  1869 | D        | Reached skill level 10 in Conjurations
  1869 | D        | Reached skill level 10 in Summonings
  1869 | D        | Reached skill level 10 in Translocations
  1870 | D        | Killed a centaur warrior
  1876 | D        | Paralysed by a great orb of eyes for 4 turns
  1879 | D        | Noticed a frost giant
  1880 | D        | Killed a great orb of eyes
  1880 | D        | Reached skill level 10 in Hexes
  1880 | D        | Reached skill level 10 in Charms
  1880 | D        | Reached skill level 10 in Necromancy
  1880 | D        | Reached skill level 10 in Transmutations
  1880 | D        | Reached skill level 10 in Fire Magic
  1880 | D        | Reached skill level 10 in Ice Magic
  1880 | D        | Reached skill level 10 in Air Magic
  1880 | D        | Reached skill level 10 in Earth Magic
  1880 | D        | Reached skill level 10 in Poison Magic
  1886 | D        | Killed a frost giant
  1886 | D        | Identified Sif Muna's Guide on Twisted Confrontation (Sif Muna gifted it to you in the Dungeon)
  1886 | D        | Received a gift from Sif Muna
  1897 | D        | Learned a level 5 spell: Lightning Bolt
  1907 | D        | Noticed a stone giant
  1909 | D        | Noticed an ogre mage
  1911 | D        | Noticed a stone giant
  1913 | D        | Killed a stone giant
  2744 | D        | Killed an ogre mage
  2824 | D        | Killed a stone giant
  2824 | D        | Reached XP level 13. HP: 108/108 MP: 10/30
  2901 | D        | Noticed a purple very ugly thing
  2906 | D        | Killed a purple very ugly thing
  3034 | D        | Noticed Harold
  3050 | D        | Killed Harold
  3157 | D        | Identified Sif Muna's Papyrus of Supportive Contamination (Sif Muna gifted it to you in the Dungeon)
  3157 | D        | Received a gift from Sif Muna
  3241 | D        | Reached ****** piety under Sif Muna
  3381 | D        | Noticed a tentacled monstrosity
  3384 | D        | Identified Uwkept's Volume of Black Arts (Sif Muna gifted it to you in the Dungeon)
  3384 | D        | Received a gift from Sif Muna
  3396 | D        | Killed a tentacled monstrosity
  3635 | D        | Noticed a merfolk impaler
  3642 | D        | Quit the game

Vault maps used:
D:        linesprint

Skill      XL: |  1  2  3  4  5  6  7  8  9 10 11 12 13 |
---------------+----------------------------------------+-----
Conjurations   | 2 3 4 5 6 7 8 9 10 11 | 11.6
Summonings     | 2 3 4 5 6 7 8 9 10 11 | 11.6
Translocations | 2 3 4 5 6 7 8 9 10 11 | 11.6
Invocations    | 1 3 4 5 6 7 9 10 11 13 14 | 14.3
Fighting       | 1 2 3 4 5 6 7 8 9 10 12 13 | 13.3
Short Blades   | 1 2 3 4 5 6 7 8 9 10 12 13 | 13.3
Long Blades    | 1 2 3 4 5 6 7 8 9 10 12 13 | 13.3
Axes           | 1 2 3 4 5 6 7 8 9 10 12 13 | 13.3
Maces & Flails | 1 2 3 4 5 6 7 8 9 10 12 13 | 13.3
Polearms       | 1 2 3 4 5 6 7 8 9 10 12 13 | 13.3
Staves         | 1 2 3 4 5 6 7 8 9 10 12 13 | 13.3
Slings         | 1 2 3 4 5 6 7 8 9 10 12 13 | 13.3
Bows           | 1 2 3 4 5 6 7 8 9 10 12 13 | 13.3
Crossbows      | 1 2 3 4 5 6 7 8 9 10 12 13 | 13.3
Throwing       | 1 2 3 4 5 6 7 8 9 10 12 13 | 13.3
Armour         | 1 2 3 4 5 6 7 8 9 10 12 13 | 13.3
Shields        | 1 2 3 4 5 6 7 8 9 10 12 13 | 13.3
Unarmed Combat | 1 2 3 4 5 6 7 8 9 10 12 13 | 13.3
Evocations     | 1 2 3 4 5 6 7 8 9 10 12 13 | 13.3
Dodging        | 5 6 7 8 9 10 11 12 13 | 13.9
Stealth        | 5 6 7 8 9 10 11 12 13 | 13.8
Hexes          | 2 3 4 5 6 7 9 10 11 | 11.4
Charms         | 2 3 4 5 6 7 9 10 11 | 11.4
Necromancy     | 2 3 4 5 6 7 9 10 11 | 11.4
Transmutations | 2 3 4 5 6 7 9 10 11 | 11.4
Fire Magic     | 2 3 4 5 6 7 9 10 11 | 11.4
Ice Magic      | 2 3 4 5 6 7 9 10 11 | 11.4
Air Magic      | 2 3 4 5 6 7 9 10 11 | 11.4
Earth Magic    | 2 3 4 5 6 7 9 10 11 | 11.4
Poison Magic   | 2 3 4 5 6 7 9 10 11 | 11.4
Spellcasting   | 8 9 10 11 12 13 14 | 14.7

Action                   |  1- 3 |  4- 6 |  7- 9 | 10-12 | 13-15 || total
-------------------------+-------+-------+-------+-------+-------++-------
Melee: Unarmed           |    11 |     8 |       |       |       ||    19
       Punch             |     1 |       |       |     6 |       ||     7
       Bite              |     1 |     3 |     6 |    11 |       ||    21
       Scimitar          |       |     4 |     6 |       |       ||    10
       Halberd           |       |       |    48 |    43 |       ||    91
       Rapier            |       |       |       |    47 |       ||    47
       Dagger            |       |       |       |    12 |       ||    12
 Fire: Hunting sling     |       |       |       |    76 |       ||    76
       Arbalest          |       |       |       |       |    47 ||    47
 Cast: Magic Dart        |    19 |    11 |    13 |    14 |       ||    57
       Mephitic Cloud    |       |     1 |     7 |    25 |     1 ||    34
       Conjure Flame     |       |     1 |     6 |     4 |     3 ||    14
       Stone Arrow       |       |       |       |    15 |       ||    15
       Blink             |       |       |       |    12 |     4 ||    16
       Bolt of Draining  |       |       |       |    44 |    24 ||    68
       Lightning Bolt    |       |       |       |       |    11 ||    11
Invok: Channel Magic     |       |       |       |     5 |     2 ||     7
       Divine Energy     |       |       |       |     1 |       ||     1
       Stop Divine Energ |       |       |       |       |     1 ||     1
Evoke: Staff of energy   |       |       |     9 |    21 |       ||    30
       Wand              |       |       |       |     1 |       ||     1
  Use: Potion            |     1 |     2 |       |       |       ||     3
       Scroll            |       |       |       |     1 |       ||     1
 Stab: Confused          |       |       |     1 |    20 |       ||    21
  Eat: Chunk             |       |       |       |    12 |     5 ||    17
Armor: Robe              |     4 |     3 |       |       |       ||     7
       Troll leather arm |       |       |       |     8 |     3 ||    11
       Swamp dragon scal |       |       |       |       |    16 ||    16
Dodge: Dodged            |    14 |    10 |    13 |    54 |    41 ||   132
       Rpst.: Scimitar   |       |       |     1 |       |       ||     1

Table legend:
 A = Spawn XP
 B = Non-spawn XP
 C = Spawn XP percentage of total XP
 D = Spawn monster count
 E = Non-spawn monster count
 F = Spawn count percentage of total count
 G = Total turns spent on level
                    A         B        C        D         E        F      G
               +---------+---------+-------+---------+---------+-------+---------
         Total |       0 |   50723 |   0.0 |       0 |     133 |   0.0 |  3642
               +---------+---------+-------+---------+---------+-------+---------
             D |       0 |   50723 |   0.0 |       0 |     133 |   0.0 |  3642
               +---------+---------+-------+---------+---------+-------+---------
